 Dungeon Crawl Stone Soup version 0.24.0-29-g8ce449bc06 (webtiles) character file.

Game seed: 11188837033195337311, levelgen mode: deterministic

11 Matador8 the Grasshopper (level 2, -2/26 HPs)
             Began as a Naga Warper on Nov 16, 2019.
             Slain by a jackal (3 damage)
             ... on level 1 of the Dungeon.
             The game lasted 00:01:09 (74 turns).

Matador8 the Grasshopper (Naga Warper)                Turns: 74, Time: 00:01:09

Health: -2/26      AC:  2    Str: 13    XL:     2   Next: 25%
Magic:  5/5        EV:  9    Int: 13    God:
Gold:   30         SH:  0    Dex: 10    Spells: 5/5 levels left

rFire    . . .     SeeInvis +   a - +0 mace
rCold    . . .     Gourm    .   (no shield)
rNeg     . . .     Faith    .   b - +0 leather armour
rPois    +         Spirit   .   (no helmet)
rElec    .         Reflect  .   (no cloak)
rCorr    .         Harm     .   (no gloves)
MR       .....                  (no barding)
Stlth    +.........             (no amulet)
HPRegen  0.08/turn              (no ring)
MPRegen  0.09/turn              (no ring)

@: short of breath, very slow
A: large, see invisible, deformed body, poison resistance, slowness 2, slow
metabolism 1, spit poison 1, AC +0
a: Spit Poison


You were on level 1 of the Dungeon.
You were not hungry.

You visited 1 branch of the dungeon, and saw 1 of its levels.

You collected 30 gold pieces.

Inventory:

Hand Weapons
 a - a +0 mace (weapon)
Missiles
 e - 4 boomerangs of dispersal (quivered)
Armour
 b - a +0 leather armour (worn)
Scrolls
 d - a scroll of blinking
Comestibles
 c - a chunk of flesh
 f - a ration


   Skills:
 - Level 2.0 Fighting
 + Level 2.4 Maces & Flails
 + Level 1.5 Throwing
 - Level 0.7 Armour
 - Level 1.5 Dodging
 - Level 2.0 Spellcasting
   Level 3.0 Translocations


You had 5 spell levels left.
You didn't know any spells.
Your spell library contained the following spells:

 Spells                   Type           Power        Failure   Level  Hunger
 Blink                    Tloc           N/A          14%         2    ###....
 Shroud of Golubria       Chrm/Tloc      #.....       26%         2    ###....
 Gell's Gravitas          Tloc           #.........   28%         3    ####...
 Lesser Beckoning         Tloc           #.........   28%         3    ####...
 Teleport Other           Tloc           #.......     28%         3    ####...
 Passage of Golubria      Tloc           N/A          67%         4    #####..


Dungeon Overview and Level Annotations

Branches:
Dungeon (1/15)

Altars:


Innate Abilities, Weirdness & Mutations

You cannot wear boots.
Your serpentine skin is tough. (AC +0)
You have supernaturally acute eyesight. (SInv)
Armour fits poorly on your strangely shaped body.
Your system is resistant to poisons. (rPois)
You cover ground very slowly.
You have a slow metabolism.
You can spit poison.


Message History

You feel slightly more hungry. The goblin hits you with a +0 club.
* * * LOW HITPOINT WARNING * * *
Throwing (i - inventory)
e - 5 boomerangs of dispersal (quivered)
Press: ? - help, Shift-Dir - straight line, f/p - goblin
Aim: a goblin, wielding a +0 club (moderately wounded)
You throw a boomerang of dispersal.
The boomerang of dispersal hits the goblin.
The goblin blinks!
You kill the goblin!
The jackal misses you.
You hit the jackal but do no damage. The jackal bites you.
* * * LOW HITPOINT WARNING * * *
The jackal bites you.
* * * LOW HITPOINT WARNING * * *
You hit the jackal.
The jackal is lightly wounded.
The jackal bites you.
* * * LOW HITPOINT WARNING * * *
The jackal bites you.
You die...

#≈§≈#''#≈≈≈.##>÷.###.#
#§§§#..#≈§≈.###.##
#§§≈#.<#≈≈≈.# #.#
#§≈≈####≈≈≈.# #.#
#≈≈8≈≈§≈8≈≈.###.####.###
#≈8≈≈≈≈≈≈8≈.##.........#
#≈≈≈§≈§§≈≈≈.##......)#.#
####.###....##.####..#
#. .#####@# .# #. ># #h#
.. #l# .# #[# # #)# #.#
>.# ..#


You could see a jackal and a frilled lizard.

Vanquished Creatures
  2 goblins (D:1)
  4 jackals (D:1)
  A kobold (D:1)
  A bat (D:1)
  A frilled lizard (D:1)
9 creatures vanquished.

Notes
Turn   | Place    | Note
-------+----------+-------------------------------------------
     0 | D:1      | Matador8 the Naga Warper began the quest for the Orb.
     0 | D:1      | Reached XP level 1. HP: 19/19 MP: 3/3
    31 | D:1      | Reached skill level 1 in Throwing
    61 | D:1      | Reached XP level 2. HP: 17/26 MP: 5/5
    74 | D:1      | HP: 1/26 [jackal (3)]
    74 | D:1      | Slain by a jackal

Levels and vault maps discovered:
D:1:      lightli_arrival_boilingwater, layout_loops_ring,
          minmay_split_cup_large

Skill      XL: |  1 |
---------------+----+-----
Throwing       | 1 |  1.5
Fighting       | |  2.0
Maces & Flails | |  2.4
Armour         | |  0.7
Dodging        | |  1.5
Spellcasting   | |  2.0
Translocations | |  3.0

Action                   || total
-------------------------++-------
Melee: Mace              ||    20
Throw: Boomerang         ||     1
 Abil: Spit Poison       ||     5
Armor: Leather armour    ||     3
Dodge: Dodged            ||    15
